 Dungeon Crawl Stone Soup version 0.27-a0-819-g058290f16d (webtiles) character file.

Game seed: 11990650839054290546

59 jestyr24 the Magician (level 4, -5/31 HPs)
             Began as a Djinni Fire Elementalist on Mar 29, 2021.
             Slain by an orc warrior
             ... wielding a +0 scimitar
              (14 damage)
             ... on level 1 of the Dungeon.
             The game lasted 00:12:03 (1110 turns).

jestyr24 the Magician (Djinni Fire Elementalist)    Turns: 1110, Time: 00:12:04

Health: -5/31      AC:  5    Str: 13    XL:     4   Next: 3%
Gold:   7          EV: 12    Int: 18    God:
                   SH:  0    Dex: 13

rFire    + + .     SeeInvis .   (no weapon)
rCold    x . .     Faith    .   (no shield)
rNeg     . . .     Spirit   .   a - +0 robe
rPois    ∞         Reflect  .   b - +2 helmet
rElec    .         Harm     .   (no cloak)
rCorr    .         Rampage  .   (no gloves)
Will     .....                  (boots unavailable)
Stlth    ++........             (no amulet)
HPRegen  0.10/turn              e - +6 ring of strength
MPRegen  0.00/turn              (no ring)

@: flying
A: fire resistance 2, cold vulnerability 1, float, innate caster, hp casting,
extra vitality 1
a: no special abilities


You were on level 1 of the Dungeon.
You visited 1 branch of the dungeon, and saw 2 of its levels.

You collected 7 gold pieces.

Inventory:

Hand Weapons
 i - a +0 short sword
Missiles
 f - 2 throwing nets
 g - 18 poisoned darts
Armour
 a - a +0 robe (worn)
 b - a +2 helmet (worn)
Jewellery
 e - a +6 ring of strength (left hand)
Scrolls
 d - a scroll of holy word {unknown}
Potions
 c - a potion of attraction {unknown}
 h - a potion of ambrosia {unknown}


   Skills:
 + Level 2.6 Dodging
 + Level 1.9 Stealth
 + Level 3.8 Spellcasting


You couldn't memorise any spells.
You knew the following spells:

 Your Spells              Type           Power      Damage    Failure   Level
a - Foxfire               Conj/Fire      68%        2x1d7     3%          1
b - Conjure Flame         Conj/Fire      17%        6-21      10%         3
c - Inner Flame           Hex/Fire       17%        N/A       10%         3
d - Sticky Flame          Conj/Fire      17%        2d4       30%         4
e - Fireball              Conj/Fire      8%         3d6       65%         5
f - Corona                Hex            18%        N/A       3%          1
Your spell library was empty.

Dungeon Overview and Level Annotations

Branches:
Dungeon (2/15)

Altars:


Innate Abilities, Weirdness & Mutations

You are immune to poison.
Your flesh is very heat resistant. (rF++)
You are vulnerable to cold. (rC-)
You float through the air rather than walking.
You learn spells naturally, not from books.
Your magical power is your life essence.
You have superior vitality. (+4 HP)


Message History

Casting: Foxfire (safe; 3% risk of failure)
Confirm with . or Enter, or press ? or * to list all spells.
You conjure some foxfire!
* * * LOW HITPOINT WARNING * * *
The orc warrior barely misses you.
The foxfire hits the orc warrior but does no damage.
The orc warrior is heavily wounded.
The foxfire hits the orc warrior but does no damage.
The orc warrior is heavily wounded.
Casting: Foxfire (safe; 3% risk of failure)
Confirm with . or Enter, or press ? or * to list all spells.
You don't have enough health to cast this spell.
Casting: Foxfire (safe; 3% risk of failure)
Confirm with . or Enter, or press ? or * to list all spells.
You conjure some foxfire!
* * * LOW HITPOINT WARNING * * *
The orc warrior misses you.
The foxfire hits the orc warrior but does no damage.
The orc warrior is heavily wounded.
The foxfire hits the orc warrior but does no damage.
The orc warrior is heavily wounded.
The orc warrior's inner flame fades away.
Found a pair of boots.
An endoplasm comes into view.
Found a ring mail.
Found 2 boomerangs.
A kobold comes into view. It is wielding a +0 dagger.
Found 12 gold pieces.
The orc warrior misses you.
A ball python comes into view.
The endoplasm quivers.
There is a stone staircase leading up here.
You fly upwards.
There is a stone staircase leading down here.
Casting: Foxfire (safe; 3% risk of failure)
Confirm with . or Enter, or press ? or * to list all spells.
You conjure some foxfire!
* * * LOW HITPOINT WARNING * * *
The orc warrior hits you with a +0 scimitar!
You die...

#....................#.....
##.#...............#.#......
#...................#.......
#...#....###........#.......
#...#....####......#........
#######.##......##......#........
..............#.##.....#.........
....###.###.#....v.....#.........
.##............#@v.....#.........
......#........#.o.....#.....#...
.####..)...............#....#....
....###........#.......#....#..#.
###..##........#........#...<..#.
##..#.................#.....#..
##.#..................#...#...
#.#........#....).....###....
#..........#.....(...........


You could see an orc warrior (ally target).

Vanquished Creatures
  An orc wizard (D:2)
  A dart slug (D:1)
  An orc (D:2)
  4 endoplasms (D:1)
  A giant cockroach (D:1)
  2 goblins (D:1)
  3 hobgoblins (D:1)
  2 jackals (D:1)
  2 quokkas (D:1)
  5 ball pythons (D:1)
  8 kobolds (D:1)
30 creatures vanquished.

Vanquished Creatures (others)
  82 foxfires
82 creatures vanquished.

Grand Total: 112 creatures vanquished

Notes
Turn   | Place    | Note
-------+----------+-------------------------------------------
     0 | D:1      | jestyr24 the Djinni Fire Elementalist began the quest for
                  | the Orb.
     0 | D:1      | Reached XP level 1. HP: 15/15 MP: 0/0
    91 | D:1      | Reached skill level 3 in Spellcasting
    91 | D:1      | Reached XP level 2. HP: 16/21 MP: 0/0
   432 | D:1      | Reached XP level 3. HP: 22/25 MP: 0/0
   432 | D:1      | Learned a level 1 spell: Corona
   814 | D:2      | Noticed an orc warrior
   986 | D:2      | Reached XP level 4. HP: 27/31 MP: 0/0
  1110 | D:1      | Slain by an orc warrior

Illustrated notes

Levels and vault maps discovered:
D:1:      dpeg_arrival_solitude, layout_rooms
D:2:      layout_basic, chequers_ecumenical_altar_simple_redux

Skill      XL: |  1 |
---------------+----+-----
Spellcasting   | 3 |  3.8
Dodging        | |  2.6
Stealth        | |  1.9

Action                   |  1- 3 |  4- 6 || total
-------------------------+-------+-------++-------
 Cast: Foxfire           |    35 |    10 ||    45
       Inner Flame       |       |     2 ||     2
Armor: Robe              |     2 |       ||     2
Dodge: Dodged            |     4 |     5 ||     9

Table legend: (Time is in decaauts)
 A = Elapsed time spent in this place.
 B = Non-inter-level travel time spent in this place.
 C = Inter-level travel time spent in this place.
 D = Time resting spent in this place.
 E = Time spent auto-exploring this place.
 F = Levels seen in this place.
 G = Mean time per level.
                   A        B        C        D        E       F      G
               +--------+--------+--------+--------+--------+-----+--------+
         Total |   1110 |   1080 |     30 |    308 |    405 |   2 |  555.0 |
       Dungeon |   1110 |   1080 |     30 |    308 |    405 |   2 |  555.0 |
               +--------+--------+--------+--------+--------+-----+--------+

Top non-repeatable levels by time:
     D:1: 957 daAuts
     D:2: 153 daAuts
